 Dungeon Crawl Stone Soup version 0.31.0-11-ge490571c62 (webtiles) character file.

Game seed: 15299772928333301527

2546 qw the Skirmisher (level 9, -1/44 HPs)
             Began as a Spriggan Hunter on Feb 3, 2024.
             Was a Believer of Okawaru.
             Engulfed by a cloud of steam (5 damage)
             ... on level 7 of the Dungeon.
             The game lasted 00:00:43 (5730 turns).

qw the Skirmisher (Spriggan Hunter)                 Turns: 5730, Time: 00:00:43

Health: -1/44      AC:  4    Str:  7    XL:     9   Next: 30%
Magic:  13/13      EV: 26    Int: 10    God:    Okawaru [**....]
Gold:   218        SH:  0    Dex: 23    Spells: 8/8 levels left

rFire   . . .        a - +0 shortbow
rCold   . . .        (shield currently unavailable)
rNeg    . . .        c - +0 robe
rPois   .            j - +2 hat
rElec   .            (no cloak)
rCorr   .            (gloves unavailable)
SInv    +            (boots unavailable)
Will    +....        (no amulet)
Stlth   ++           (no ring)
HPRegen 0.27/turn    (no ring)
MPRegen 0.13/turn

%: no passive effects
@: very quick
A: very small, no large weapons, unfitting armour, see invisible, speed 3
a: Renounce Religion, Heroism


You were on level 7 of the Dungeon.
You worshipped Okawaru.
Okawaru was pleased with you.
You visited 1 branch of the dungeon, and saw 7 of its levels.

You collected 348 gold pieces.
You spent 130 gold pieces at shops.


Innate Abilities, Weirdness & Mutations

You are very small and have problems with some larger weapons.
You are too small for most types of armour.
You have supernaturally acute eyesight. (SInv)
You cover ground extremely quickly. (Speed+++)


   Skills:
 - Level 3.2 Fighting
 - Level 9.9 Ranged Weapons
 + Level 9.6 Dodging
 - Level 1.5 Stealth
 - Level 4.0 Invocations


You had 8 spell levels left.
You didn't know any spells.
Your spell library was empty.

Inventory:

Hand Weapons
 a - a +0 shortbow (weapon)
Armour
 c - a +0 robe (worn)
 j - a +2 hat (worn)
Wands
 b - a wand of mindburst (7)
 k - a wand of flame (47)
 l - a wand of polymorph (11)
 m - a wand of roots (7)
Scrolls
 g - 4 scrolls of identify
Potions
 d - 3 potions of curing
 e - 3 potions of enlightenment
 f - 2 potions of mutation

Dungeon Overview and Level Annotations

Branches:
Dungeon (7/15)             Temple (0/1) D:6

Altars:
Fedhas
Hepliaklqana
Kikubaaqudgha
Makhleb
Okawaru
Wu Jian
Zin
The Shining One

Shops:
D:4 *


Message History

The steam dragon breathes steam at you. The ball of steam misses you.
You shoot an arrow.
The arrow hits the steam dragon but does no damage.
The steam dragon is almost dead.
The orc is engulfed in a cloud of scalding steam.
The orc completely misses you. The steam dragon breathes steam at you.
The ball of steam hits you!
The shadow imp is engulfed in a cloud of scalding steam.
The shadow imp dies!
The orc is engulfed in a cloud of scalding steam.
The orc completely misses you.
You shoot an arrow. The arrow hits the steam dragon.
You kill the steam dragon!
Okawaru accepts your kill.
You are engulfed in a cloud of scalding steam.
The orc is engulfed in a cloud of scalding steam.
The orc dies!
The orc wizard casts a spell.
The orc wizard flickers and vanishes for a moment.
The orc is engulfed in a cloud of scalding steam.
The orc dies!
You shoot an arrow. The arrow hits the orc.
The orc is lightly wounded.
You are engulfed in a cloud of scalding steam.
You shoot an arrow. The arrow hits the orc!
You kill the orc!
Okawaru accepts your kill.
You are engulfed in a cloud of scalding steam.
An orc priest comes into view. It is wielding a +0 club.
5729 ||| DRINKING potion of heal wounds.
You feel much better.
You are engulfed in a cloud of scalding steam.
The orc priest calls down the wrath of Beogh upon you.
Beogh smites you!
You shoot an arrow. The arrow hits the orc.
The orc is lightly wounded.
You are engulfed in a cloud of scalding steam.
You die...

.# ## .. ## #. .# #. .#
##. .# #.o ## .#
#.)#####o## .#
#..o)...... .# #.#@)...#
.# #.......# .#
###...>.# .# #.##### .#
#.# .##### #ยค# .....#
#.##
.###.##########.#.## .#
#........>#.###.########


You could see an orc priest, an orc wizard (invisible) and an orc.

Vanquished Creatures
  Pikel (D:7)
  Prince Ribbit (D:7)
  A steam dragon (D:7)
  3 ice beasts
  An ogre (D:2)
  2 phantoms
  A kobold brigand (D:7)
  2 bullfrogs (D:7)
  6 scorpions
  A howler monkey (D:6)
  7 hounds
  3 jellies
  2 orc priests (D:6)
  3 iguanas
  2 orc wizards (D:6)
  4 gnolls (D:6)
  6 adders
  A shadow imp (D:6)
  A white imp (D:6)
  2 ufetubi (D:5)
  2 dart slugs
  3 ribbon worms (D:2)
  21 orcs
  9 endoplasms
  7 giant cockroaches
  7 hobgoblins
  3 jackals (D:4)
  4 quokkas
  A ball python (D:1)
  2 bats
  4 frilled lizards
  7 goblins
  10 kobolds
  6 rats
136 creatures vanquished.

Vanquished Creatures (others)
  A shadow imp (D:7)
  2 orcs (D:7)
3 creatures vanquished.

Grand Total: 139 creatures vanquished

Notes
Turn   | Place    | Note
-------+----------+-------------------------------------------
     0 | D:1      | qw the Spriggan Hunter began the quest for the Orb.
     0 | D:1      | Reached XP level 1. HP: 10/10 MP: 2/2
     0 | D:1      | 0 ||| qw: Version: 0.3-a-155-g5e7d8dd
     0 | D:1      | 0 ||| qw: Game counter: 3366
     0 | D:1      | 0 ||| qw: Melee chars always use a shield: true
     0 | D:1      | 0 ||| qw: God list: Okawaru
     0 | D:1      | 0 ||| qw: Allow faded altars: false
     0 | D:1      | 0 ||| qw: Do Orc after clearing Dungeon:15 true
     0 | D:1      | 0 ||| qw: Do second Lair branch before Depths: true
     0 | D:1      | 0 ||| qw: Lair rune preference: random
     0 | D:1      | 0 ||| qw: Goals: Normal
     0 | D:1      | 0 ||| PLANNING D:1-11
    20 | D:1      | Reached skill level 3 in Dodging
    82 | D:1      | Reached XP level 2. HP: 12/14 MP: 3/3
   598 | D:1      | Reached XP level 3. HP: 18/18 MP: 4/4
   742 | D:1      | 742 ||| READING 2 scrolls labelled JISHRIP ZYLL.
   742 | D:1      | 742 ||| IDENTIFYING sedimented blue potion
   743 | D:1      | 743 ||| READING scroll of identify.
   743 | D:1      | 743 ||| IDENTIFYING amethyst potion
   744 | D:1      | 744 ||| READING scroll labelled ATUMUSCHANOU.
   745 | D:1      | 745 ||| DRINKING 2 ruby potions.
   746 | D:1      | 746 ||| DRINKING 2 bubbling amethyst potions.
   747 | D:1      | 747 ||| DROPPING scroll of butterflies.
   748 | D:1      | 748 ||| DROPPING potion of lignification.
   906 | D:2      | You fall into a shaft and drop 1 floor!
   941 | D:3      | Found a blossoming altar of Fedhas.
  1032 | D:3      | 1032 ||| READING scroll labelled ACLUST JUARRAIM.
  1032 | D:3      | 1032 ||| ENCHANTING +0 shortbow.
  1054 | D:2      | Found a hazy altar of Hepliaklqana.
  1248 | D:2      | Found a faded altar of an unknown god.
  1575 | D:2      | Noticed an ogre
  1583 | D:2      | Killed an ogre
  1584 | D:2      | Reached XP level 4. HP: 22/22 MP: 5/5
  1584 | D:2      | Reached XP level 5. HP: 25/25 MP: 6/6
  1754 | D:2      | 1754 ||| READING scroll labelled TEUTRU ERUYMEXEC.
  1755 | D:2      | 1755 ||| READING scroll labelled NYOSUEWIAN.
  2260 | D:3      | 2260 ||| READING scroll of identify.
  2260 | D:3      | 2260 ||| IDENTIFYING puce potion
  2261 | D:3      | 2261 ||| READING scroll labelled SAS BUMUGO.
  2262 | D:3      | 2262 ||| DROPPING potion of degeneration.
  2515 | D:4      | Found Uschus's General Store.
  2523 | D:4      | 2523 ||| BUYING potion of mutation (104 gold).
  2523 | D:4      | Bought a potion of mutation for 104 gold pieces
  2523 | D:4      | 2523 ||| BUYING scroll of identify (26 gold).
  2523 | D:4      | Bought a scroll of identify for 26 gold pieces
  2523 | D:4      | 2523 ||| SHOPLISTING wand of roots (5) (156 gold, have 73).
  2569 | D:4      | Reached XP level 6. HP: 30/30 MP: 7/7
  2931 | D:4      | Found a glowing golden altar of the Shining One.
  3049 | D:4      | Found a burning altar of Makhleb.
  3057 | D:4      | Reached skill level 6 in Ranged Weapons
  3206 | D:4      | Found an ancient bone altar of Kikubaaqudgha.
  3253 | D:4      | 3253 ||| READING 4 scrolls of identify.
  3253 | D:4      | 3253 ||| IDENTIFYING scroll labelled WEL HAMAQA CIE
  3254 | D:4      | 3254 ||| READING 3 scrolls of identify.
  3254 | D:4      | 3254 ||| IDENTIFYING scroll labelled KUSYLE RATT
  3255 | D:4      | 3255 ||| DROPPING scroll of poison.
  3270 | D:5      | Entered Level 5 of the Dungeon
  3292 | D:5      | Reached skill level 6 in Dodging
  3429 | D:5      | HP: 7/30 [hound (2)]
  3430 | D:5      | 3430 ||| READING scroll of teleportation.
  3431 | D:5      | 3431 ||| DRINKING 5 potions of heal wounds.
  3442 | D:5      | Found an iron altar of Okawaru.
  3443 | D:5      | 3443 ||| PLANNING OKAWARU WORSHIP
  3443 | D:5      | 3443 ||| READING 2 scrolls of identify.
  3443 | D:5      | 3443 ||| IDENTIFYING scroll labelled ZEFOAH ZULO
  3444 | D:5      | 3444 ||| DROPPING scroll of silence.
  3452 | D:5      | Became a worshipper of Warmaster Okawaru
  3453 | D:5      | 3453 ||| PLANNING D:1-11
  3490 | D:5      | 3490 ||| FLEEEEING.
  3491 | D:5      | 3491 ||| FLEEEEING.
  3494 | D:5      | 3494 ||| FLEEEEING.
  3495 | D:5      | 3495 ||| FLEEEEING.
  3496 | D:5      | 3496 ||| FLEEEEING.
  3497 | D:5      | 3497 ||| FLEEEEING.
  3498 | D:5      | 3498 ||| FLEEEEING.
  3499 | D:5      | 3499 ||| FLEEEEING.
  3500 | D:5      | 3500 ||| FLEEEEING.
  3502 | D:5      | 3502 ||| FLEEEEING.
  3503 | D:5      | 3503 ||| FLEEEEING.
  3504 | D:5      | 3504 ||| FLEEEEING.
  3505 | D:5      | 3505 ||| FLEEEEING.
  3506 | D:5      | 3506 ||| FLEEEEING.
  3507 | D:5      | 3507 ||| FLEEEEING.
  3508 | D:5      | 3508 ||| FLEEEEING.
  3509 | D:5      | 3509 ||| FLEEEEING.
  3510 | D:5      | 3510 ||| FLEEEEING.
  3511 | D:5      | 3511 ||| FLEEEEING.
  3512 | D:5      | 3512 ||| FLEEEEING.
  3513 | D:5      | 3513 ||| FLEEEEING.
  3514 | D:5      | 3514 ||| FLEEEEING.
  3515 | D:5      | 3515 ||| STAIRDANCE
  3565 | D:5      | Reached XP level 7. HP: 29/35 MP: 8/8
  3662 | D:5      | Found the +5 Force Lance {heavy, knockback}
  3884 | D:5      | 3884 ||| FLEEEEING.
  4075 | D:5      | Reached * piety under Okawaru
  4159 | D:5      | 4159 ||| UPGRADING to +2 hat.
  4164 | D:5      | 4164 ||| READING 2 scrolls of identify.
  4164 | D:5      | 4164 ||| IDENTIFYING grey potion
  4165 | D:5      | 4165 ||| DROPPING potion of brilliance.
  4253 | D:6      | 4253 ||| RETREEEEATING.
  4264 | D:6      | Reached skill level 1 in Invocations
  4273 | D:6      | 4273 ||| RETREEEEATING.
  4274 | D:6      | 4274 ||| RETREEEEATING.
  4275 | D:6      | 4275 ||| RETREEEEATING.
  4276 | D:6      | 4276 ||| RETREEEEATING.
  4277 | D:6      | 4277 ||| RETREEEEATING.
  4278 | D:6      | 4278 ||| RETREEEEATING.
  4279 | D:6      | 4279 ||| RETREEEEATING.
  4282 | D:6      | 4282 ||| RETREEEEATING.
  4284 | D:6      | 4284 ||| RETREEEEATING.
  4285 | D:6      | 4285 ||| RETREEEEATING.
  4286 | D:6      | 4286 ||| RETREEEEATING.
  4287 | D:6      | 4287 ||| RETREEEEATING.
  4290 | D:6      | 4290 ||| INVOKING Heroism.
  4299 | D:6      | Reached XP level 8. HP: 25/39 MP: 6/10
  4318 | D:6      | Reached skill level 3 in Invocations
  4545 | D:6      | Found a staircase to the Ecumenical Temple.
  4568 | D:6      | 4568 ||| FLEEEEING.
  4569 | D:6      | 4569 ||| FLEEEEING.
  4570 | D:6      | 4570 ||| FLEEEEING.
  4571 | D:6      | 4571 ||| FLEEEEING.
  4573 | D:6      | 4573 ||| FLEEEEING.
  4574 | D:6      | 4574 ||| FLEEEEING.
  4575 | D:6      | 4575 ||| FLEEEEING.
  4576 | D:6      | 4576 ||| FLEEEEING.
  4577 | D:6      | 4577 ||| FLEEEEING.
  4578 | D:6      | 4578 ||| FLEEEEING.
  4579 | D:6      | 4579 ||| FLEEEEING.
  4580 | D:6      | 4580 ||| FLEEEEING.
  4581 | D:6      | 4581 ||| FLEEEEING.
  4582 | D:6      | 4582 ||| FLEEEEING.
  4583 | D:6      | 4583 ||| FLEEEEING.
  4584 | D:6      | 4584 ||| FLEEEEING.
  4585 | D:6      | 4585 ||| FLEEEEING.
  4586 | D:6      | 4586 ||| FLEEEEING.
  4587 | D:6      | 4587 ||| FLEEEEING.
  4619 | D:6      | Reached skill level 3 in Fighting
  4742 | D:6      | Found a glowing silver altar of Zin.
  5011 | D:6      | 5011 ||| READING 5 scrolls of identify.
  5011 | D:6      | 5011 ||| IDENTIFYING scroll labelled NIYROI OKHLOTU
  5012 | D:6      | 5012 ||| DROPPING scroll of amnesia.
  5035 | D:7      | 5035 ||| STAIRDANCE
  5144 | D:7      | Found an ornate altar of the Wu Jian Council.
  5371 | D:7      | Noticed Pikel
  5372 | D:7      | 5372 ||| RETREEEEATING.
  5374 | D:7      | 5374 ||| RETREEEEATING.
  5380 | D:7      | 5380 ||| RETREEEEATING.
  5382 | D:7      | 5382 ||| INVOKING Heroism.
  5392 | D:7      | HP: 7/40 [Pikel/+1 whip of freezing (5)]
  5393 | D:7      | 5393 ||| DRINKING 4 potions of heal wounds.
  5394 | D:7      | Killed Pikel
  5394 | D:7      | Reached ** piety under Okawaru
  5395 | D:7      | Reached skill level 9 in Ranged Weapons
  5395 | D:7      | Reached XP level 9. HP: 37/44 MP: 11/13
  5597 | D:7      | Identified the staff of an ice cave {rElec rPois Str-4
                  | Dex+3 Hexes Air}
  5648 | D:7      | Noticed Prince Ribbit
  5661 | D:7      | Killed Prince Ribbit
  5662 | D:7      | Reached skill level 9 in Dodging
  5712 | D:7      | HP: 11/44 [steam dragon] (3)]
  5712 | D:7      | HP: 5/44 [steam dragon (7)]
  5713 | D:7      | 5713 ||| DRINKING 3 potions of heal wounds.
  5717 | D:7      | 5717 ||| DRINKING 2 potions of heal wounds.
  5728 | D:7      | HP: 8/44 [something (4)]
  5729 | D:7      | 5729 ||| DRINKING potion of heal wounds.
  5730 | D:7      | Engulfed by a cloud of steam

Levels and vault maps discovered:
D:1:      grunt_arrival_crossed_arrows, layout_loops_cross, minmay_pentomino_s2
D:2:      layout_basic, basic_altar, ebering_ecumenical_altar_mist,
          dreamdust_mushroom_princess
D:3:      layout_loops_ring, nicolae_overflow_crystal_walls, serial_bayou,
          serial_bayou_pond_e, serial_bayou_pond_d, serial_bayou_lagoon_a,
          serial_bayou_shore_b, serial_bayou_pond_e, serial_bayou_lake_a
D:4:      layout_basic, kiku_gazebo_pond_becter, kennysheep_little_box,
          makhleb_blood_cavern_becter, serial_shops, shop,
          chequers_serial_rivers_small_b, amcnicky_mini_pool_small
D:5:      minmay_spotlight, layout_rooms, lemuel_crystal_altar,
          chequers_serial_rivers_micro_b
D:6:      layout_cave_pools, mainiacjoe_overflow_alcove_2,
          minmay_temple_entry_poolview, grunt_ministairs_15,
          chequers_serial_rivers_marsh
D:7:      layout_loops_ring, lemuel_coloured_pillars_altar,
          nicolae_hexahallways, serial_park_tiny_2, minmay_the_grid_2x2
          [minmay_the_grid_pillar_ring, minmay_the_grid_minigrid_medium,
          minmay_the_grid_slots, minmay_the_grid_prize_four_corners],
          uniq_prince_ribbit1, uniq_pikel

Skill      XL: |  1  2  3  4  5  6  7  8  9 |
---------------+----------------------------+-----
Dodging        | 3 4 5 6 7 8 9 |  9.6
Ranged Weapons | 5 7 8 9 |  9.9
Fighting       | 2 3 |  3.2
Invocations    | 2 4 |  4.0
Stealth        | |  1.5

Action                     |  1- 3 |  4- 6 |  7- 9 || total
---------------------------+-------+-------+-------++-------
  Melee: Unarmed           |       |       |     1 ||     1
   Fire: Shortbow          |   149 |   162 |   337 ||   648
 Invoke: Heroism           |       |       |     2 ||     2
    Use: Scroll            |     4 |     8 |     2 ||    14
         Potion            |     2 |     1 |     4 ||     7
 Armour: Robe              |    13 |    33 |    72 ||   118
  Dodge: Dodged            |    56 |   149 |   184 ||   389

Table legend:
 A = Non-vault XP
 B = Vault XP
 C = Vault XP percentage of total XP
 D = Non-vault monster count
 E = Vault monster count
 F = Vault count percentage of total count
                 A         B        C        D         E       F
            +---------+---------+-------+---------+---------+-------
      Total |    2522 |    1116 |  30.7 |     122 |      14 |  10.3
            +---------+---------+-------+---------+---------+-------
        D:1 |      41 |       3 |   6.8 |      25 |       2 |   7.4
        D:2 |     164 |       0 |   0.0 |      17 |       0 |   0.0
        D:3 |       8 |       0 |   0.0 |       5 |       0 |   0.0
        D:4 |     183 |      40 |  17.9 |      19 |       1 |   5.0
        D:5 |     668 |      87 |  11.5 |      18 |       4 |  18.2
        D:6 |     975 |      98 |   9.1 |      25 |       5 |  16.7
        D:7 |     483 |     888 |  64.8 |      13 |       2 |  13.3
            +---------+---------+-------+---------+---------+-------
